AoeStats
← Old Hobo

Yucatan

503234707Analyzed
3v3 RM · 1mo ago on Aug 30, 2026· 76m 33s· 6 players
Game mode
Random Map
Map size
Normal (6 player)
Population
200
Speed
Normal
Resources
Standard
Victory
Conquest
Starting age
Dark Age
Ending age
Imperial Age
RankedLock teamsTeams togetherTeam positionsShared explorationLock speedFull tech treeHidden civsTurbo modeCheats
Victory
Defeat
🇨🇿 Poles · Czechia
719
+12
🇺🇸 Goths · United States
661
+15
🇨🇿 Spanish · Czechia
632
+16
🇫🇮 Khitans · Finland
712
-18
🇫🇮 Goths · Finland
692
-17
🇫🇮 Teutons · Finland
515
-9
Gibt77
0:28 Loom
10:50 Feudal Age
11:16 Horse Collar
12:59 Double-Bit Axe
20:23 Castle Age
19:43 Wheelbarrow
21:30 Heavy Plow
21:43 Bow Saw
21:25 Gold Mining
22:36 Pikeman
23:16 Squires
30:53 Elite Skirmisher
31:39 Thumb Ring
31:51 Forging
31:41 Scale Mail Armor
31:47 Scale Barding Armor
31:36 Stone Mining
36:52 Iron Casting
36:37 Chain Barding Armor
36:35 Chain Mail Armor
36:12 Fletching
36:25 Padded Archer Armor
40:41 Imperial Age
40:33 Bodkin Arrow
41:29 Stone Shaft Mining
41:14 Halberdier
43:00 Blast Furnace
42:36 Plate Barding Armor
42:31 Plate Mail Armor
41:27 Man-at-Arms
41:52 Gambesons
41:53 Arson
42:04 Light Cavalry
42:54 Bloodlines
42:04 Cavalier
42:45 Husbandry
42:09 Long Swordsman
42:18 Capped Ram
43:21 Fortified Wall
43:32 Ballistics
44:13 Chemistry
44:20 Two-Man Saw
43:01 Two-Handed Swordsman
43:51 Bracer
45:00 Leather Archer Armor
44:52 Champion
47:08 Murder Holes
46:42 Hussar
47:09 Elite Conquistador
49:39 Paladin
Blitzo
6:20 Loom
11:30 Feudal Age
12:02 Horse Collar
12:09 Double-Bit Axe
15:47 Forging
15:43 Scale Barding Armor
20:40 Castle Age
18:29 Town Watch
21:04 Light Cavalry
22:25 Bloodlines
25:04 Iron Casting
26:08 Husbandry
29:17 Heavy Plow
29:55 Wheelbarrow
31:51 Chain Barding Armor
31:46 Bow Saw
35:35 Hand Cart
36:50 Gold Mining
36:52 Stone Mining
40:15 Imperial Age
37:48 Town Patrol
40:38 Winged Hussar
42:04 Stone Shaft Mining
42:58 Crop Rotation
43:57 Blast Furnace
46:19 Ballistics
46:47 Lechitic Legacy
53:46 Conscription
58:11 Fletching
76:14 Spies/Treason
Old Hobo
1:01 Loom
13:44 Feudal Age
16:31 Scale Mail Armor
21:07 Castle Age
22:58 Pikeman
23:38 Squires
29:09 Anarchy
35:39 Chain Mail Armor
36:57 Double-Bit Axe
39:47 Wheelbarrow
45:28 Imperial Age
43:21 Hand Cart
44:10 Forging
45:31 Horse Collar
45:59 Murder Holes
46:18 Elite Huskarl
48:48 Iron Casting
52:17 Perfusion
54:06 Blast Furnace
61:32 Heavy Plow
61:55 Gold Mining
61:56 Stone Mining
62:21 Bow Saw
62:46 Crop Rotation
64:29 Stone Shaft Mining
64:57 Two-Man Saw
XenonTech
2:01 Loom
12:35 Feudal Age
16:55 Wheelbarrow
16:12 Double-Bit Axe
16:10 Horse Collar
16:41 Town Watch
25:24 Castle Age
23:46 Stone Mining
23:46 Gold Mining
26:40 Squires
26:51 Scale Mail Armor
27:01 Forging
27:05 Bow Saw
26:57 Heavy Plow
27:25 Pikeman
30:06 Stone Shaft Mining
34:02 Ironclad
34:41 Caravan
41:11 Arson
43:20 Iron Casting
43:01 Chain Mail Armor
44:54 Hand Cart
45:25 Town Patrol
48:17 Imperial Age
48:27 Imperial Age
50:31 Chemistry
49:43 Masonry
49:57 Ballistics
50:57 Conscription
51:04 Guilds
53:06 Elite Teutonic Knight
[Varjone
12:18 Feudal Age
16:33 Castle Age
14:56 Double-Bit Axe
14:56 Domestication
16:14 Forging
17:40 Wheelbarrow
16:57 Loom
20:12 Scale Barding Armor
20:45 Iron Casting
21:48 Pikeman
27:22 Gold Mining
27:23 Stone Mining
30:43 Stone Shaft Mining
30:59 Husbandry
32:16 Scale Barding Armor
36:19 Chain Barding Armor
37:43 Bow Saw
40:29 Imperial Age
38:15 Hand Cart
39:22 Hand Cart
41:35 Town Watch
42:11 Elite Steppe Lancer
43:43 Ordo Cavalry
44:04 Elite Liao Dao
45:25 Scale Mail Armor
45:41 Gambesons
45:59 Squires
49:16 Elite Fire Lancer
Icey 𝕴𝖈𝖊𝖄
13:58 Feudal Age
19:13 Loom
22:29 Horse Collar
22:36 Double-Bit Axe
23:30 Wheelbarrow
25:58 Castle Age
30:14 Bow Saw
30:45 Forging
30:35 Scale Mail Armor
30:56 Pikeman
31:37 Squires
32:45 Heavy Plow
33:03 Hand Cart
37:00 Anarchy
39:40 Iron Casting
39:21 Chain Mail Armor
41:40 Gold Mining
41:54 Caravan
46:32 Imperial Age
46:46 Murder Holes
49:14 Chemistry
49:03 Elite Huskarl
52:06 Blast Furnace
61:18 Halberdier
67:26 Halberdier
68:17 Perfusion
Connection lost

Rejoining the realm…

Still unreachable

The connection could not be restored.

Session expired

The server has moved on; the page needs a fresh start.